AoeStats
← 牛欢喜

Arena

505509409Analyzed
4v4 RM · 22d ago on Sep 9, 2026· 47m 32s· 8 players
Game mode
Random Map
Map size
Large (8 player)
Population
200
Speed
Normal
Resources
Standard
Victory
Conquest
Starting age
Dark Age
Ending age
Imperial Age
RankedLock teamsTeams togetherTeam positionsShared explorationLock speedFull tech treeHidden civsTurbo modeCheats
Victory
Defeat
🇨🇳 Celts · China
1631
+12
🇨🇳 Chinese · China
1611
+13
🇨🇳 Huns · China
1586
+14
🇫🇷 Muisca · France
1581
+14
🇹🇷 Dravidians · Türkiye
1601
-15
🇹🇷 Persians · Türkiye
1540
-13
🇹🇷 Spanish · Türkiye
1535
-13
🇹🇷 Mongols · Türkiye
1519
-12
zd
9:58 Feudal Age
10:54 Double-Bit Axe
13:40 Castle Age
12:00 Horse Collar
15:23 Bow Saw
19:21 Wheelbarrow
23:30 Gold Mining
25:43 Hand Cart
28:16 Imperial Age
26:49 Treadmill Crane
27:34 Ballistics
27:17 Scale Mail Armor
27:27 Forging
27:14 Pikeman
29:05 Chain Mail Armor
29:26 Iron Casting
28:19 Capped Ram
28:52 Halberdier
29:52 Loom
29:53 Town Watch
29:37 Onager
30:28 Heavy Plow
30:50 Heavy Scorpion
32:35 Conscription
32:26 Furor Celtica
34:27 Chemistry
34:12 Plate Mail Armor
34:43 Blast Furnace
34:10 Siege Engineers
38:11 Capped Ram
39:30 Treadmill Crane
40:01 Masonry
39:39 Arrowslits
39:52 Murder Holes
39:49 Stronghold
40:35 Hoardings
42:51 Siege Ram
咸酸菜
0:27 Loom
10:01 Feudal Age
15:00 Castle Age
13:20 Double-Bit Axe
13:35 Horse Collar
16:19 Fletching
25:48 Stone Mining
26:53 Bow Saw
30:07 Gold Mining
33:15 Imperial Age
32:20 Wheelbarrow
32:32 Ballistics
32:08 Bodkin Arrow
32:13 Padded Archer Armor
32:08 Bodkin Arrow
32:40 Heavy Plow
33:09 Fortified Wall
32:44 Elite Skirmisher
33:47 Leather Archer Armor
34:19 Bracer
35:27 Chemistry
35:11 Hand Cart
34:44 Town Watch
36:10 Ring Archer Armor
37:40 Crossbowman
38:26 Thumb Ring
38:23 Arbalester
40:33 Pikeman
41:13 Squires
40:59 Arson
41:13 Capped Ram
42:01 Halberdier
42:45 Scale Mail Armor
42:56 Forging
42:46 Scale Mail Armor
42:56 Forging
43:09 Conscription
42:37 Siege Ram
44:29 Chain Mail Armor
44:58 Great Wall
44:51 Guard Tower
44:49 Arrowslits
47:55 Plate Mail Armor
48:01 Iron Casting
Modjo
10:34 Feudal Age
12:36 Double-Bit Axe
14:57 Castle Age
13:03 Horse Collar
16:59 Bow Saw
16:51 Heavy Plow
17:29 Wheelbarrow
20:05 Loom
20:29 Fletching
23:08 Hand Cart
28:35 Imperial Age
26:55 Gold Mining
27:19 Bodkin Arrow
27:25 Padded Archer Armor
29:03 Leather Archer Armor
29:56 Gold Shaft Mining
28:52 Elite Guecha Warrior
29:38 Bracer
30:40 Chemistry
30:33 Crop Rotation
30:48 Ballistics
30:34 Scale Mail Armor
30:44 Forging
31:03 Conscription
31:14 Thumb Ring
32:09 Elite Skirmisher
32:10 Crossbowman
33:42 Pikeman
34:22 Squires
36:21 Iron Casting
36:02 Chain Mail Armor
36:57 Masonry
39:03 Hoardings
39:36 Siege Engineers
39:26 Murder Holes
40:12 Plate Mail Armor
39:05 Champi Runner
39:33 Arbalester
42:45 Two-Man Saw
43:41 Herbalism
48:02 Stone Mining
牛欢喜
10:33 Feudal Age
12:21 Double-Bit Axe
12:19 Horse Collar
14:52 Castle Age
22:44 Bow Saw
22:36 Heavy Plow
23:15 Wheelbarrow
28:15 Imperial Age
25:32 Loom
26:02 Forging
25:56 Light Cavalry
26:48 Bloodlines
26:39 Husbandry
26:56 Scale Barding Armor
27:09 Hand Cart
28:01 Marauders
28:09 Gold Mining
28:23 Elite Tarkan
31:55 Gold Shaft Mining
32:09 Chain Barding Armor
33:07 Iron Casting
34:14 Plate Barding Armor
37:57 Blast Furnace
37:24 Light Cavalry
42:06 Caravan
Mengudaii
10:16 Feudal Age
14:19 Castle Age
12:24 Double-Bit Axe
12:48 Horse Collar
23:17 Wheelbarrow
23:45 Bow Saw
27:40 Imperial Age
25:17 Gold Mining
25:37 Heavy Plow
25:46 Stone Mining
26:34 Hand Cart
27:10 Scale Barding Armor
27:15 Forging
27:43 Stone Shaft Mining
27:44 Gold Shaft Mining
27:30 Town Watch
27:31 Loom
28:11 Chain Barding Armor
28:27 Elite War Elephant
30:30 Plate Barding Armor
30:30 Iron Casting
30:33 Bloodlines
30:23 Husbandry
30:59 Crop Rotation
31:36 Two-Man Saw
31:51 Conscription
33:48 Blast Furnace
38:33 Coinage
39:21 Chemistry
38:19 Fletching
39:02 Bodkin Arrow
40:07 Ballistics
42:47 Heavy Scorpion
43:36 Padded Archer Armor
heybrowazzup
11:02 Feudal Age
11:52 Horse Collar
12:00 Double-Bit Axe
15:13 Castle Age
20:48 Loom
22:36 Heavy Plow
23:55 Wheelbarrow
24:23 Bow Saw
24:12 Gold Mining
28:14 Imperial Age
25:51 Stone Mining
27:13 Hand Cart
26:50 Fletching
27:00 Padded Archer Armor
27:27 Bodkin Arrow
27:57 Ballistics
29:08 Leather Archer Armor
29:55 Chemistry
29:21 Husbandry
29:42 Medical Corps
29:58 Conscription
30:53 Two-Man Saw
29:31 Elite Elephant Archer
30:32 Thumb Ring
31:32 Bracer
31:31 Murder Holes
32:43 Ring Archer Armor
32:45 Masonry
35:33 Light Cavalry
36:20 Scale Barding Armor
36:26 Forging
40:10 Iron Casting
39:55 Chain Barding Armor
40:10 Iron Casting
39:55 Chain Barding Armor
42:33 Blast Furnace
45:18 Elite Skirmisher
45:41 Pikeman
46:22 Squires
46:22 Scale Mail Armor
46:09 Light Cavalry
ATABEY
10:01 Feudal Age
13:52 Castle Age
11:50 Double-Bit Axe
13:04 Loom
34:05 Scale Mail Armor
34:03 Pikeman
34:44 Squires
34:50 Horse Collar
38:05 Fletching
38:15 Padded Archer Armor
38:51 Scale Barding Armor
38:54 Light Cavalry
40:31 Chain Barding Armor
40:27 Bloodlines
41:07 Forging
45:12 Imperial Age
45:59 Forging
Saruman
6:52 Loom
9:53 Feudal Age
11:14 Loom
14:13 Castle Age
12:01 Double-Bit Axe
13:41 Horse Collar
22:47 Husbandry
22:57 Bloodlines
24:07 Padded Archer Armor
25:31 Leather Archer Armor
27:48 Wheelbarrow
32:02 Imperial Age
29:47 Bow Saw
30:56 Heavy Plow
32:34 Hand Cart
32:31 Gold Mining
33:18 Ring Archer Armor
35:39 Conscription
35:33 Fletching
36:38 Bodkin Arrow
37:19 Bracer
36:57 Elite Skirmisher
37:43 Thumb Ring
38:47 Two-Man Saw
38:38 Ballistics
39:47 Chemistry
39:53 Stone Mining
41:48 Scale Barding Armor
43:53 Chain Barding Armor
43:43 Forging
42:56 Light Cavalry
43:46 Hussar
45:51 Plate Barding Armor
46:50 Iron Casting
Connection lost

Rejoining the realm…

Still unreachable

The connection could not be restored.

Session expired

The server has moved on; the page needs a fresh start.